 Dungeon Crawl Stone Soup version 0.24.0-123-gd5b16e6ec5 (webtiles) character file.

Game seed: 858660158243476991, levelgen mode: deterministic

430 Elellon the Cudgeler (level 6, -3/37 HPs)
             Began as a Gargoyle Fighter on Jan 21, 2020.
             Was an Initiate of Okawaru.
             Killed from afar by an orc wizard (8 damage)
             ... with a puff of frost
             ... on level 6 of the Dungeon.
             The game lasted 00:07:52 (4029 turns).

Elellon the Cudgeler (Gargoyle Fighter)             Turns: 4029, Time: 00:07:52

Health: -3/37      AC: 17    Str: 22    XL:     6   Next: 99%
Magic:  0/6        EV:  4    Int:  8    God:    Okawaru [......]
Gold:   170        SH: 10    Dex:  9    Spells: 5/5 levels left

rFire    . . .     SeeInvis .   a - +1 flail
rCold    . . .     Gourm    .   c - +1 shield
rNeg     + . .     Faith    .   v - +0 plate armour
rPois    ∞         Spirit   +   (no helmet)
rElec    +         Reflect  .   w - +0 cloak
rCorr    .         Harm     .   (no gloves)
MR       .....                  (no boots)
Stlth    ..........             r - amulet of guardian spirit
HPRegen  0.12/turn              (no ring)
MPRegen  0.10/turn              (no ring)

@: no status effects
A: negative energy resistance 1, electricity resistance, unbreathing,
petrification resistance, rot immunity, AC +4
a: Renounce Religion


You were on level 6 of the Dungeon.
You worshipped Okawaru.
Okawaru was noncommittal.
You were hungry.

You visited 2 branches of the dungeon, and saw 7 of its levels.

You collected 170 gold pieces.

Inventory:

Hand Weapons
 a - a +1 flail (weapon)
Armour
 c - a +1 shield (worn)
 v - a +0 plate armour (worn)
 w - a +0 cloak (worn)
Jewellery
 r - an amulet of guardian spirit (around neck)
 y - an uncursed ring of stealth {unknown}
 E - an uncursed ring of protection from fire {unknown}
Wands
 q - a wand of iceblast (9)
Scrolls
 e - 2 scrolls of enchant weapon
 m - a scroll of enchant armour
 n - 6 scrolls of teleportation
 t - a scroll of blinking
Potions
 d - 2 potions of might
 g - a potion of resistance {unknown}
 j - a potion of cancellation {unknown}
 l - 5 potions of curing {unknown}
 p - 2 potions of flight {unknown}
 u - a potion of agility {unknown}
 x - a potion of lignification {unknown}
 z - 2 potions of heal wounds {unknown}
 A - 2 potions of haste {unknown}
 B - a potion of magic {unknown}
Comestibles
 f - 16 rations
 D - a chunk of flesh


   Skills:
 + Level 3.2 Fighting
 * Level 7.2 Maces & Flails
 + Level 3.2 Armour
 + Level 3.2 Shields


You had 5 spell levels left.
You didn't know any spells.
Your spell library was empty.

Dungeon Overview and Level Annotations

Branches:
Dungeon (6/15)             Temple (1/1) D:5

Altars:
Cheibriados
Okawaru
Ru
Trog
Xom


Innate Abilities, Weirdness & Mutations

You are resistant to torment.
Your stone body is resilient. (AC +4)
You are immune to poison.
You resist negative energy. (rN+)
You are resistant to electric shocks. (rElec)
You can survive without breathing.
You are immune to petrification.
You are immune to rotting.


Message History

The orc warrior barely misses you.
Your shield and plate armour prevent you from hitting the orc warrior.
The orc warrior is lightly wounded.
The orc hits you but does no damage.
The orc warrior hits you but does no damage.
The orc wizard hits you but does no damage.
You hit the orc warrior but do no damage.
The orc warrior is lightly wounded.
You block the orc's attack.
The orc warrior hits you with a +0 scimitar!
The orc wizard hits you but does no damage.
You are too injured to fight recklessly!
You are too injured to fight recklessly!
The orc warrior hits you with a +0 scimitar!
* * * LOW HITPOINT WARNING * * *
The orc wizard mumbles some strange words.
The orc wizard seems to speed up.
The orc wizard gestures at you while chanting.
The puff of frost hits you!
You die...

,,,,,,,,........####.#
****,**,#..##.#......#
****,**,#............#
,,**,**,##.##.#oo###.#
*,**,,,,.......o.# *,#
,,,,***,##.##.##o# *,*
*,*,* *,..,...*#o# *,*
*,*,* *##*####*#.# *,*
,,*,* #@# *,* ,,,,*
#.# *,* ***** #<# *,*
### *,*
********************>*
,,,,,,,,,,,,,,,,,,,,,*
**********************


You could see an orc warrior, 2 orc wizards and 2 orcs.

Vanquished Creatures
  A centaur (D:5)
  A hound (D:5)
  Crazy Yiuf (D:2)
  A jelly (D:5)
  An iguana (D:5)
  2 orc wizards
  A howler monkey skeleton (D:4)
  A gnoll (D:1)
  7 adders
  A shadow imp (D:5)
  2 oozes
  An adder skeleton (D:4)
  3 worms
  A dart slug (D:1)
  2 leopard geckos
  10 orcs
  2 ball pythons
  4 bats
  4 giant cockroaches
  7 goblins
  4 hobgoblins
  A jackal (D:2)
  5 kobolds
  A quokka (D:5)
  3 frilled lizards
  8 rats
75 creatures vanquished.

Notes
Turn   | Place    | Note
-------+----------+-------------------------------------------
     0 | D:1      | Elellon the Gargoyle Fighter began the quest for the Orb.
     0 | D:1      | Reached XP level 1. HP: 14/14 MP: 1/1
     6 | D:1      | Noticed an electric eel
   230 | D:1      | Reached XP level 2. HP: 13/19 MP: 2/2
   371 | D:1      | Reached skill level 3 in Maces & Flails
   481 | D:1      | Reached XP level 3. HP: 17/23 MP: 3/3
  1053 | D:2      | Reached skill level 4 in Maces & Flails
  1081 | D:2      | Reached XP level 4. HP: 28/28 MP: 4/4
  1231 | D:2      | You fall into a shaft and drop 2 floors!
  1464 | D:2      | You fall into a shaft and drop 2 floors!
  1555 | D:4      | Reached skill level 5 in Maces & Flails
  1555 | D:4      | Reached XP level 5. HP: 32/32 MP: 5/5
  1716 | D:2      | Found a runed translucent door.
  1901 | D:2      | Noticed Crazy Yiuf
  1908 | D:2      | Killed Crazy Yiuf
  2144 | D:3      | Found a faded altar of an unknown god.
  2186 | D:3      | Found a snail-covered altar of Cheibriados.
  2529 | D:3      | Found an iron altar of Okawaru.
  2585 | D:3      | Became a worshipper of Warmaster Okawaru
  3322 | D:5      | Entered Level 5 of the Dungeon
  3351 | D:5      | Reached skill level 6 in Maces & Flails
  3451 | D:5      | Noticed a centaur
  3467 | D:5      | Killed a centaur
  3467 | D:5      | Reached XP level 6. HP: 35/37 MP: 6/6
  3575 | D:5      | Found a staircase to the Ecumenical Temple.
  3586 | D:5      | Reached skill level 7 in Maces & Flails
  3617 | Temple   | Entered the Ecumenical Temple
  3655 | D:5      | Reached * piety under Okawaru
  4008 | D:6      | Noticed an orc warrior
  4010 | D:6      | Found a sacrificial altar of Ru.
  4029 | D:6      | Killed from afar by an orc wizard

Levels and vault maps discovered:
D:1:      arrival_aquarium_a, layout_loops_ring, serial_bayou_pond_d
D:2:      layout_loops_ring, first_ration, minivault_24, minmay_cut_off,
          uniq_crazy_yiuf_cottage
D:3:      layout_basic, cheibriados_altar_1,
          chequers_ecumenical_altar_simple_redux, okawaru_gym_becter
D:4:      layout_cave_pools
D:5:      layout_loops_ring, minmay_temple_entry_junction_2
D:6:      minmay_evil_eye, layout_basic, nicolae_ru_awakened_eye, serial_shops,
          shop
Temple:   regret_index_temple_mists

Skill      XL: |  1  2  3  4  5  6 |
---------------+-------------------+-----
Maces & Flails | 3 4 5 6 7 |  7.2
Fighting       | |  3.2
Armour         | |  3.2
Shields        | |  3.2

Action                   |  1- 3 |  4- 6 || total
-------------------------+-------+-------++-------
Melee: Flail             |    93 |   285 ||   378
  Use: Scroll            |       |    11 ||    11
  Eat: Chunk             |     1 |     9 ||    10
Armor: Scale mail        |    40 |    32 ||    72
       Plate armour      |       |   144 ||   144
Dodge: Dodged            |    30 |    55 ||    85
Block: Shield            |    59 |   125 ||   184
